[Event "Titled Tuesday Blitz February 28 Early 2023"]
[White "Klepikov, Nikita"]
[Black "Golubev, Mikhail"]
[WhiteFideId "24145220"]
[BlackFideId "14100983"]
[WhiteElo "2025"]
[BlackElo "2374"]
[Result "1-0"]
[Round "02"]
[TimeControl "180+2"]
[Date "2023.02.28"]
[WhiteClock "0:00:30"]
[BlackClock "0:01:35"]

1. e4 c5 2. Nf3 d6 3. d4 cxd4 4. Nxd4 Nf6 5. Nc3 Nc6 6. Bc4 e6 7. Bb3 a6 8. Be3 Qc7 9. Qe2 Na5 10. g4 b5 11. g5 Nd7 12. Bxe6 fxe6 13. Nxe6 Qc4 14. Qxc4 Nxc4 15. Nc7+ Kd8 16. Nxa8 Nxe3 17. fxe3 Bb7 18. O-O-O Bxa8 19. Rhf1 Ne5 20. Rf5 Be7 21. Rxe5 b4 22. Na4 Rf8 23. Nb6 Bc6 24. Re6 Bd7 25. Rexd6 Bxd6 26. Rxd6 Kc7 27. Rxd7+ Kxb6 28. Rxg7 Rf1+ 29. Kd2 Rf2+ 30. Kd3 Rxh2 31. e5 Rf2 32. e6 Rf8 33. e7 Re8 34. Rxh7 Kc5 35. g6 Kd6 36. g7 Rg8 37. Rh8 1-0


[Site "https://www.chess.com"]

[Event "Titled Tuesday Blitz February 28 Early 2023"]
[White "Yurasova, Daria"]
[Black "Jiganchine, Roman"]
[WhiteFideId "34146919"]
[BlackFideId "2603667"]
[WhiteElo "2134"]
[BlackElo "2275"]
[Result "1-0"]
[Round "02"]
[TimeControl "180+2"]
[Date "2023.02.28"]
[WhiteClock "0:00:12"]
[BlackClock "0:00:01"]

1. d4 d5 2. Nf3 Nf6 3. c4 e6 4. g3 h6 5. Bg2 Bd6 6. O-O O-O 7. Qc2 Nc6 8. Nc3 dxc4 9. e4 e5 10. d5 Nb4 11. Qe2 Nd3 12. Be3 Bd7 13. b3 b5 14. bxc4 bxc4 15. Ne1 Bb4 16. Qc2 Ng4 17. Bd2 Ndxf2 18. Rxf2 Bc5 19. Nd1 f5 20. Qxc4 Bd4 21. Bc3 Bxf2+ 22. Nxf2 Nxf2 23. Kxf2 fxe4+ 24. Kg1 Qf6 25. Qxe4 Rae8 26. Nd3 Qb6+ 27. Kh1 Bf5 28. Qc4 e4 29. Nf4 e3 30. Re1 Qd6 31. Bb4 c5 32. Bxc5 Qe5 33. Bxf8 Rxf8 34. h3 Re8 35. d6+ 1-0


[Site "https://www.chess.com"]

[Event "Titled Tuesday Blitz February 28 Early 2023"]
[White "Martin, Lewis"]
[Black "Degenbaev, Aziz"]
[WhiteFideId "410551"]
[BlackFideId "13802640"]
[WhiteElo "2145"]
[BlackElo "2152"]
[Result "0-1"]
[Round "02"]
[TimeControl "180+2"]
[Date "2023.02.28"]
[WhiteClock "0:01:05"]
[BlackClock "0:00:26"]

1. e4 c5 2. Nf3 d6 3. d4 cxd4 4. Nxd4 Nf6 5. Nc3 a6 6. h3 e5 7. Nde2 h5 8. g3 Be7 9. Bg2 O-O 10. O-O b5 11. Bg5 Nbd7 12. Qd2 Bb7 13. a3 Rc8 14. Rad1 Qc7 15. f4 Nb6 16. Bxf6 Bxf6 17. Qxd6 Nc4 18. Qxc7 Rxc7 19. Nd5 Bxd5 20. Rxd5 exf4 21. Nxf4 Ne3 22. Nxh5 Nxd5 23. exd5 Bxb2 24. Be4 Re8 25. Bd3 Rd7 26. Nf4 Bxa3 27. Ra1 Bc5+ 28. Kg2 Rd6 29. h4 Be3 30. Kf3 Bxf4 31. Kxf4 Rxd5 32. Rxa6 b4 33. Rb6 Rd4+ 34. Kf3 g6 35. g4 Re5 36. Rb7 Rc5 37. Ke3 Rxg4 38. h5 0-1


[Site "https://www.chess.com"]

[Event "Titled Tuesday Blitz February 28 Early 2023"]
[White "Berkes, Ferenc"]
[Black "Kaufman, Raymond"]
[WhiteFideId "718572"]
[BlackFideId "2015056"]
[WhiteElo "2664"]
[BlackElo "2321"]
[Result "1-0"]
[Round "02"]
[TimeControl "180+2"]
[Date "2023.02.28"]
[WhiteClock "0:01:00"]
[BlackClock "0:00:03"]

1. e4 e5 2. f4 d5 3. exd5 exf4 4. Nf3 Nf6 5. d4 Nxd5 6. Nc3 Bb4 7. Qe2+ Be6 8. Bd2 O-O 9. Nxd5 Bxd2+ 10. Qxd2 Bxd5 11. Qxf4 Re8+ 12. Kf2 Nc6 13. c3 Re4 14. Qg3 Qf6 15. Bd3 Rf4 16. Rhe1 h5 17. h4 Rg4 18. Qh3 Ne7 19. Re5 Bxf3 20. gxf3 Rxh4 21. Qg3 Ng6 22. Rg5 Rf4 23. Rxh5 Nh4 24. Bh7+ Kf8 25. Be4 Rxe4 26. Rh8+ Ke7 27. Rxa8 Nxf3 28. Qxc7+ Ke6 29. Re8+ Kf5 30. Rxe4 Kxe4 31. Qg3 Nxd4+ 32. Kg2 1-0


[Site "https://www.chess.com"]

[Event "Titled Tuesday Blitz February 28 Early 2023"]
[White "Fieberg, Samuel"]
[Black "De Souza, Cristiano Gomes"]
[WhiteFideId "12901717"]
[BlackFideId "2151758"]
[WhiteElo "2480"]
[BlackElo "2068"]
[Result "1/2-1/2"]
[Round "02"]
[TimeControl "180+2"]
[Date "2023.02.28"]
[WhiteClock "0:00:12"]
[BlackClock "0:00:03"]

1. c4 Nf6 2. g3 g6 3. Bg2 Bg7 4. Nf3 O-O 5. O-O d6 6. Nc3 Nc6 7. d4 Bf5 8. Nh4 Bd7 9. d5 Na5 10. Qd3 Ng4 11. f4 c5 12. e3 a6 13. h3 Nh6 14. g4 b5 15. b3 b4 16. Bd2 bxc3 17. Bxc3 Nb7 18. e4 f5 19. gxf5 Bxc3 20. Qxc3 gxf5 21. Kh2 e5 22. dxe6 Qxh4 23. exf5 Nxf5 24. Bxb7 Bxe6 25. Rae1 Nd4 26. Bxa8 Rxa8 27. f5 Bf7 28. Rg1+ Kf8 29. Rg3 Qf4 30. Qe3 Qxe3 31. Rgxe3 Re8 32. Rxe8+ Bxe8 33. Rf1 Bc6 34. Kg3 Kf7 35. Kf4 Kf6 36. Kg4 Ne2 37. Rd1 Nd4 38. Rf1 Bd7 39. Kf4 Bxf5 40. Rd1 Bxh3 41. b4 Bf5 42. bxc5 dxc5 43. Rd2 Be6 44. Rb2 Bxc4 45. Rb6+ Ne6+ 46. Ke3 Bb5 47. a4 c4 48. axb5 axb5 49. Rxb5 Ng5 50. Rb6+ Kf5 51. Rb5+ Kg4 52. Rc5 h5 53. Rxc4+ Kh3 54. Kf2 h4 55. Rc3+ Kg4 56. Rc4+ Kh5 57. Rc5 h3 58. Kg3 Kg6 59. Rc1 Ne4+ 60. Kxh3 Nf2+ 61. Kg3 Nd3 62. Rc6+ Kf5 63. Ra6 Ne5 64. Ra5 Ke6 65. Kf4 Nd3+ 66. Ke4 Nb4 67. Ra1 Kd6 68. Rh1 Kc5 69. Rc1+ Kb5 70. Kd4 Nc6+ 71. Kd5 Nb4+ 72. Kd6 Nd3 73. Rc3 Nb4 74. Rc8 Nd3 75. Rb8+ Kc4 76. Rh8 Kd4 77. Rh4+ Kc3 78. Kd5 Nb4+ 79. Kc5 Nd3+ 80. Kd5 Nb4+ 81. Ke4 Kc4 82. Rh1 Kc5 83. Rc1+ Kd6 84. Rd1+ Kc5 85. Ke5 Nc6+ 86. Ke6 Nd4+ 87. Ke5 Nc6+ 88. Ke4 Nb4 89. Rg1 Nc6 90. Rg6 Nb4 91. Rg5+ Kc4 92. Rg6 Kc5 93. Rf6 Nc6 94. Re6 Nb4 95. Ke3 Nd5+ 96. Kd2 Nb4 97. Re5+ Kd4 98. Rh5 Nd5 99. Rh4+ Ke5 100. Kd3 Nf4+ 101. Kc4 Ne6 102. Rh1 Kd6 103. Re1 Nf4 104. Kd4 Ne6+ 105. Ke4 Nc5+ 106. Kf5 Kd5 107. Rd1+ Kc4 108. Rc1+ Kd4 109. Rh1 Nd3 110. Rh3 1/2-1/2


[Site "https://www.chess.com"]

[Event "Titled Tuesday Blitz February 28 Early 2023"]
[White "Da Silva Borges, Rodrigo"]
[Black "Ronka, Erik"]
[WhiteFideId "2115778"]
[BlackFideId "505080"]
[WhiteElo "2099"]
[BlackElo "2264"]
[Result "0-1"]
[Round "02"]
[TimeControl "180+2"]
[Date "2023.02.28"]
[WhiteClock "0:00:05"]
[BlackClock "0:00:21"]

1. e4 c5 2. Nf3 b6 3. d4 cxd4 4. Nxd4 Bb7 5. Nc3 a6 6. g3 e6 7. Bg2 d6 8. O-O Qc7 9. Re1 Nf6 10. Be3 Be7 11. h3 O-O 12. Qd2 Nc6 13. f4 Nxd4 14. Qxd4 b5 15. g4 e5 16. Qd2 exf4 17. Bxf4 Nd7 18. Nd5 Bxd5 19. exd5 Bf6 20. c3 Be5 21. Bxe5 Nxe5 22. Kh1 Rab8 23. a4 Rfc8 24. axb5 axb5 25. Qd4 Qc5 26. Qxc5 Rxc5 27. Ra7 h6 28. Kh2 b4 29. Re3 bxc3 30. bxc3 Kf8 31. Rxe5 dxe5 32. d6 Rd8 33. d7 Ke7 34. c4 Rxc4 35. Bd5 Rc5 36. Be4 Rxd7 0-1


[Site "https://www.chess.com"]

[Event "Titled Tuesday Blitz February 28 Early 2023"]
[White "Einarsson, Halldor Gretar"]
[Black "Kuzmin, Roman"]
[WhiteFideId "2300150"]
[BlackFideId "44134932"]
[WhiteElo "2126"]
[BlackElo "2146"]
[Result "0-1"]
[Round "02"]
[TimeControl "180+2"]
[Date "2023.02.28"]
[WhiteClock "0:00:01"]
[BlackClock "0:00:40"]

1. d4 d5 2. Nf3 Nf6 3. g3 e6 4. c4 Be7 5. Bg2 O-O 6. O-O Nbd7 7. Qc2 c6 8. Nbd2 b6 9. e4 dxc4 10. Nxc4 Bb7 11. Rd1 c5 12. e5 Nd5 13. h4 b5 14. Ne3 Rc8 15. Qb1 Qb6 16. Ng4 h5 17. Ne3 cxd4 18. Rxd4 Bc5 19. Rd3 Nxe3 20. Bxe3 Be4 21. Ng5 Bg6 22. Qd1 Nxe5 23. Rb3 Bxe3 24. Rxe3 Rfd8 25. Qb3 Bc2 26. Qb4 a5 27. Qe1 Nd3 28. Qe2 Nxb2 0-1


[Site "https://www.chess.com"]

[Event "Titled Tuesday Blitz February 28 Early 2023"]
[White "Manukyan, Sargis V."]
[Black "Sohier, Julien"]
[WhiteFideId "13303465"]
[BlackFideId "645346"]
[WhiteElo "2236"]
[BlackElo "2209"]
[Result "1-0"]
[Round "02"]
[TimeControl "180+2"]
[Date "2023.02.28"]
[WhiteClock "0:00:14"]
[BlackClock "0:00:36"]

1. d4 d5 2. c4 c6 3. Nf3 Nf6 4. e3 a6 5. Bd3 dxc4 6. Bxc4 e6 7. a4 c5 8. Nc3 Be7 9. O-O O-O 10. e4 cxd4 11. Nxd4 Nbd7 12. Be3 Ne5 13. Be2 Bd7 14. f4 Nc6 15. Nb3 e5 16. f5 Be8 17. a5 Qxd1 18. Rfxd1 Bb4 19. Nd5 Nxe4 20. Nxb4 Nxb4 21. Bf3 Bc6 22. Rac1 Rfd8 23. Rxd8+ Rxd8 24. Rxc6 Nxc6 25. Bxe4 f6 26. Bb6 Rd1+ 27. Kf2 Kf7 28. Nc5 Rd2+ 29. Kg3 Rxb2 30. Nxb7 Rb3+ 31. Kf2 Nd4 32. Bd5+ 1-0


[Site "https://www.chess.com"]

[Event "Titled Tuesday Blitz February 28 Early 2023"]
[White "Kohler, Aran"]
[Black "Rodriguez Fontecha, Marcos"]
[WhiteFideId "1002856"]
[BlackFideId "2256576"]
[WhiteElo "2253"]
[BlackElo "2263"]
[Result "1/2-1/2"]
[Round "02"]
[TimeControl "180+2"]
[Date "2023.02.28"]
[WhiteClock "0:01:56"]
[BlackClock "0:00:19"]

1. d4 d5 2. Nf3 Nf6 3. Bf4 c5 4. e3 Nc6 5. c3 Qb6 6. Qb3 c4 7. Qc2 Bf5 8. Qc1 e6 9. Nbd2 Be7 10. h3 h6 11. Be2 O-O 12. O-O Qd8 13. b4 cxb3 14. axb3 Rc8 15. Qb2 a6 16. Ne5 Ne4 17. Nxe4 Bxe4 18. Nxc6 Rxc6 19. f3 Bg6 20. Rfc1 Qb6 21. Ra2 Rfc8 22. c4 dxc4 23. bxc4 Qxb2 24. Rxb2 Ba3 25. Rcb1 Bxb2 26. Rxb2 b6 27. e4 a5 28. d5 exd5 29. cxd5 Rc2 30. Rxc2 Rxc2 31. Bb5 Rb2 32. Bc6 f6 33. d6 Kf7 34. d7 Ke7 35. Bc7 Rd2 36. Bxb6 Rxd7 37. Bxd7 Kxd7 38. Bxa5 Ke6 39. Bb4 f5 40. exf5+ Bxf5 41. g4 Bc2 42. f4 g6 43. Kf2 h5 44. gxh5 1/2-1/2


[Site "https://www.chess.com"]

[Event "Titled Tuesday Blitz February 28 Early 2023"]
[White "Primbetov, Kazbek"]
[Black "parintele_chess"]
[WhiteFideId "13702297"]
[WhiteElo "2097"]
[BlackElo "2253"]
[Result "1-0"]
[Round "02"]
[TimeControl "180+2"]
[Date "2023.02.28"]
[WhiteClock "0:00:41"]
[BlackClock "0:00:22"]

1. e4 e5 2. Nf3 Nc6 3. Bb5 a6 4. Ba4 Nf6 5. O-O Be7 6. Re1 b5 7. Bb3 O-O 8. a4 Bb7 9. d3 d5 10. axb5 axb5 11. Rxa8 Bxa8 12. exd5 Nxd5 13. Nxe5 Nxe5 14. Rxe5 Bf6 15. Re1 Qd6 16. Nd2 Bd4 17. Ne4 Qg6 18. c3 Be5 19. Qf3 f5 20. Nf6+ Bxf6 21. Bxd5+ Bxd5 22. Qxd5+ Kh8 23. Qxb5 h6 24. Bf4 Qg4 25. Qc4 c6 26. h3 Qh4 27. Bd6 Qxc4 28. dxc4 Ra8 29. Re3 Ra1+ 30. Kh2 Rf1 31. f4 Rf2 32. b4 Rc2 33. b5 cxb5 34. cxb5 Bxc3 35. b6 Bd4 36. b7 Rb2 37. Re8+ Kh7 38. b8=Q 1-0


[Site "https://www.chess.com"]

[Event "Titled Tuesday Blitz February 28 Early 2023"]
[White "Mendez Machado, Andre"]
[Black "Ramirez Allo, Eduardo"]
[WhiteFideId "6603793"]
[BlackFideId "2224178"]
[WhiteElo "1989"]
[BlackElo "2470"]
[Result "0-1"]
[Round "02"]
[TimeControl "180+2"]
[Date "2023.02.28"]
[WhiteClock "0:00:03"]
[BlackClock "0:00:08"]

1. e4 c5 2. Nc3 a6 3. d4 cxd4 4. Qxd4 d6 5. b3 Nc6 6. Qd2 Nf6 7. Bb2 e5 8. O-O-O Be6 9. f3 Be7 10. g4 O-O 11. Kb1 b5 12. Nd5 Bxd5 13. exd5 Na7 14. h4 Nd7 15. g5 a5 16. f4 Re8 17. f5 Bf8 18. g6 Qb6 19. gxf7+ Kxf7 20. Nf3 h6 21. Rg1 b4 22. Qg2 Nb5 23. Qg6+ Ke7 24. Bxb5 Qxb5 25. Rge1 Kd8 26. Nd2 a4 27. Nc4 axb3 28. cxb3 Qa6 29. Kc2 Rc8 30. Kb1 Ra8 31. Kc2 Nb6 32. Nxb6 Qxb6 33. Kb1 Qa6 34. Kc2 Qxa2 35. Rb1 Rc8+ 36. Kd2 Qxb3 37. f6 gxf6 38. Qxf6+ Be7 39. Qg6 Rf8 40. Rf1 Rxf1 41. Rxf1 Qxb2+ 42. Ke3 Rc3+ 43. Ke4 Qc2# 0-1


[Site "https://www.chess.com"]

[Event "Titled Tuesday Blitz February 28 Early 2023"]
[White "Arencibia Monduy, Antonio"]
[Black "Lauridsen, Jesper Morch"]
[WhiteFideId "3507939"]
[BlackFideId "1401890"]
[WhiteElo "2466"]
[BlackElo "2243"]
[Result "0-1"]
[Round "02"]
[TimeControl "180+2"]
[Date "2023.02.28"]
[WhiteClock "0:00:01"]
[BlackClock "0:00:12"]

1. e4 c5 2. Nf3 d6 3. c3 Nf6 4. Bd3 Nc6 5. h3 g5 6. g4 h5 7. gxh5 Rxh5 8. Be2 Bxh3 9. Ng1 g4 10. d3 d5 11. Qc2 Qa5 12. Bf4 Nd4 13. Qd2 Nb3 14. axb3 Qxa1 15. Qc1 dxe4 16. dxe4 Nxe4 17. Nxh3 Rxh3 18. Rxh3 gxh3 19. Bf3 Nd6 20. Bxd6 exd6 21. Bxb7 Rb8 22. Bc6+ Kd8 23. Ke2 Kc7 24. Bh1 Rxb3 25. Qf4 Rxb2+ 26. Nd2 Rb8 27. Qxf7+ Kb6 28. Qb3+ Kc7 29. Qf7+ Kb6 30. Nc4+ Kb5 31. Qd7+ Kxc4 32. Qe6+ d5 0-1


[Site "https://www.chess.com"]

[Event "Titled Tuesday Blitz February 28 Early 2023"]
[White "Bulatova, Kamaliya"]
[Black "Vivas Zamora, Fabian Ernesto"]
[WhiteFideId "34111546"]
[BlackFideId "3902480"]
[WhiteElo "2039"]
[BlackElo "2262"]
[Result "0-1"]
[Round "02"]
[TimeControl "180+2"]
[Date "2023.02.28"]
[WhiteClock "0:00:08"]
[BlackClock "0:00:23"]

1. d4 Nf6 2. Nc3 d5 3. Bg5 Nbd7 4. e3 h6 5. Bh4 c5 6. Nf3 e6 7. Bb5 Be7 8. O-O O-O 9. Bxd7 Bxd7 10. dxc5 Bxc5 11. e4 Be7 12. exd5 Nxd5 13. Bxe7 Nxc3 14. Bxd8 Nxd1 15. Rfxd1 Rfxd8 16. Ne5 Be8 17. a4 Rxd1+ 18. Rxd1 Bxa4 19. b3 Be8 20. Nc4 Kf8 21. Na5 b6 22. Nc4 Ke7 23. Ra1 Bc6 24. Ne5 Bb7 25. f3 f6 26. Nd3 a5 27. Ra3 Rd8 28. b4 axb4 29. Ra7 Rd7 30. Nxb4 Kd6 31. Kf2 Bd5 32. Ra6 Kc5 33. Nd3+ Kb5 34. Ra1 Rc7 35. Rb1+ Kc6 36. Nb4+ Kb7 37. Nxd5 Rxc2+ 38. Ke3 exd5 39. g4 Rxh2 40. Kd4 Rd2+ 41. Ke3 Rc2 42. Ra1 b5 43. Kd4 Kb6 44. Kxd5 b4 45. Rb1 Kb5 46. Kd4 Ka4 47. Kd3 b3 48. Ra1+ Kb4 49. Rb1 Rc3+ 50. Ke2 Ka3 51. Ra1+ Kb2 52. Rd1 Ka2 53. Kd2 Rc8 54. Ke3 b2 55. Rd2 Ka1 0-1


[Site "https://www.chess.com"]

[Event "Titled Tuesday Blitz February 28 Early 2023"]
[White "Mohammed, Dilshad"]
[Black "Tagliati, Eleonore"]
[WhiteFideId "5050421"]
[BlackFideId "45172234"]
[WhiteElo "2102"]
[BlackElo "2237"]
[Result "1-0"]
[Round "02"]
[TimeControl "180+2"]
[Date "2023.02.28"]
[WhiteClock "0:01:20"]
[BlackClock "0:00:11"]

1. Nf3 d5 2. c4 c6 3. e3 Nf6 4. Nc3 Bf5 5. cxd5 cxd5 6. Qb3 Qd7 7. Ne5 Qc7 8. Bb5+ Nc6 9. d4 e6 10. O-O Bd6 11. f4 O-O 12. Bd2 a6 13. Bxc6 bxc6 14. Qa4 c5 15. Rac1 Qb6 16. b3 Ne4 17. Nxe4 Bxe4 18. Nd7 Qb5 19. Nxf8 Qxa4 20. bxa4 Bxf8 21. dxc5 Rc8 22. c6 Bd6 23. Ba5 Kf8 24. c7 Ke7 25. Rf2 Kd7 26. g3 h5 27. Bb6 g6 28. a5 Bd3 29. h4 Be4 30. Rff1 Bd3 31. Rfd1 Be4 32. Rd2 Ba3 33. Rf1 Bb4 34. Rb2 Ba3 35. Rb3 Bd6 36. Rc1 Bf3 37. Kf2 Be4 38. a3 f6 39. Rbc3 Bf5 40. Bc5 Rxc7 41. Bxd6 Rxc3 42. Rxc3 Kxd6 43. Rb3 Kc5 44. Rb6 Bd3 45. Ke1 e5 46. Kd2 Bc4 47. a4 d4 48. exd4+ Kxd4 49. Rxf6 Ke4 50. fxe5 Kxe5 51. Rxg6 1-0


[Site "https://www.chess.com"]

[Event "Titled Tuesday Blitz February 28 Early 2023"]
[White "Rottenwohrer Suarez, Juan"]
[Black "Simonovic, Miroslav"]
[WhiteFideId "32068182"]
[BlackFideId "919152"]
[WhiteElo "2174"]
[BlackElo "2057"]
[Result "1-0"]
[Round "02"]
[TimeControl "180+2"]
[Date "2023.02.28"]
[WhiteClock "0:00:07"]
[BlackClock "0:00:27"]

1. Nf3 c5 2. g3 Nc6 3. Bg2 g6 4. O-O Bg7 5. c4 e5 6. Nc3 Nge7 7. a3 O-O 8. b4 b6 9. b5 Na5 10. Nxe5 Bb7 11. Bxb7 Nxb7 12. Nf3 d5 13. cxd5 Nxd5 14. Bb2 Qd7 15. a4 Rad8 16. Qb3 Na5 17. Qd1 Nc4 18. Qb3 Nxb2 19. Qxb2 Nxc3 20. dxc3 Qe6 21. a5 Qc4 22. axb6 Bxc3 23. Qc2 axb6 24. Rac1 Rfe8 25. Qxc3 Qxe2 26. Rfe1 Qxb5 27. Ne5 Re6 28. Ng4 Rd4 29. Rxe6 fxe6 30. Qf3 Qa4 31. Ne5 Qe8 32. Ra1 Qf8 33. Ra8 Rd8 34. Qf7+ Qxf7 35. Rxd8+ Kg7 36. Nxf7 Kxf7 37. Rb8 Kf6 38. Rxb6 Ke5 39. Kf1 Kd4 40. Ke2 e5 41. Kd2 e4 42. Rd6+ Ke5 43. Rd7 Kf5 44. Rxh7 Kg4 45. Ke3 g5 46. h3+ Kf5 47. Rc7 c4 48. Rc5+ Kf6 49. Rxc4 Ke5 50. Rxe4+ Kf6 51. Rg4 Kg6 52. h4 Kh5 53. Rxg5+ Kh6 54. f4 Kh7 55. f5 Kh6 56. f6 Kh7 57. f7 Kh8 58. f8=Q+ Kh7 59. Qg7# 1-0


[Site "https://www.chess.com"]

[Event "Titled Tuesday Blitz February 28 Early 2023"]
[White "Ardila, Oscar Humberto"]
[Black "Vagman, Roy"]
[WhiteFideId "4404742"]
[BlackFideId "2828995"]
[WhiteElo "1946"]
[BlackElo "2188"]
[Result "0-1"]
[Round "02"]
[TimeControl "180+2"]
[Date "2023.02.28"]
[WhiteClock "0:00:19"]
[BlackClock "0:01:16"]

1. d4 g6 2. c4 Bg7 3. Nf3 Nf6 4. Nc3 d6 5. e3 O-O 6. Be2 Nbd7 7. O-O e5 8. dxe5 dxe5 9. Qc2 Qe7 10. Rd1 c6 11. a3 a5 12. b3 Nc5 13. e4 Bg4 14. Be3 Bxf3 15. Bxf3 Ne6 16. Ne2 Rfd8 17. Bb6 Rxd1+ 18. Qxd1 c5 19. Qd2 Qf8 20. Bxa5 Bh6 21. Qe1 Ng5 22. Ng3 Nxf3+ 23. gxf3 Nh5 24. Nxh5 gxh5 25. Bc3 Qg7+ 26. Kh1 Qf6 27. Qe2 Kh8 28. Rg1 Bf4 29. Qb2 Bxh2 30. Kxh2 Qh4+ 31. Kg2 Rg8+ 32. Kf1 Qh3+ 33. Ke2 Rxg1 34. Bxe5+ Kg8 35. Qd2 Qf1+ 36. Ke3 Qe1+ 37. Qxe1 Rxe1+ 38. Kf4 Rg1 39. b4 h4 40. Kf5 h3 41. bxc5 h6 42. a4 Rg5+ 43. Kf6 Rxe5 44. Kxe5 h2 45. Kd6 h1=Q 46. Kc7 Qxf3 47. Kxb7 Qxe4+ 48. c6 Qxc4 49. c7 Qd5+ 50. Kb8 Qb3+ 51. Ka8 Qxa4+ 52. Kb7 Qb5+ 53. Ka8 Qa6+ 54. Kb8 Qb6+ 55. Kc8 Qxf2 56. Kb8 Qb6+ 57. Ka8 Qc6+ 58. Kb8 f5 59. c8=Q+ Qxc8+ 60. Kxc8 f4 0-1


[Site "https://www.chess.com"]

[Event "Titled Tuesday Blitz February 28 Early 2023"]
[White "Bas Mas, Jose Joaquin"]
[Black "Onslow, Alfie"]
[WhiteFideId "22219064"]
[BlackFideId "436976"]
[WhiteElo "2233"]
[BlackElo "2114"]
[Result "1-0"]
[Round "02"]
[TimeControl "180+2"]
[Date "2023.02.28"]
[WhiteClock "0:00:18"]
[BlackClock "0:00:05"]

1. e4 g6 2. d4 Bg7 3. Nc3 c6 4. Nf3 d5 5. h3 Nh6 6. e5 O-O 7. Be2 f6 8. Bf4 e6 9. Qd2 Nf7 10. exf6 Qxf6 11. O-O-O Nd7 12. g4 e5 13. dxe5 Nfxe5 14. Nxe5 Qxf4 15. Qxf4 Rxf4 16. Nd3 Rf7 17. Rhf1 Ne5 18. f4 Nxd3+ 19. Rxd3 Re7 20. Bf3 Bh6 21. Bg2 Be6 22. Kd1 Rf8 23. Ne2 b6 24. b3 Bc8 25. a4 Ba6 26. Rd2 Rfe8 27. Bf3 Bxf4 28. Nxf4 Bxf1 29. Rf2 Ba6 30. Kd2 Rf8 31. Ng2 Ref7 32. Ne1 Rf4 33. c3 Kg7 34. Ke3 g5 35. Ng2 Re8+ 36. Kd2 Rf6 37. Ne3 Rfe6 38. Nf5+ Kg6 39. Nd4 Rd6 40. Bd1 c5 41. Bc2+ Kg7 42. Nf5+ Kh8 43. Nxd6 Re6 44. Nf7+ Kg7 45. Nxg5 Re7 46. h4 d4 47. c4 Bb7 48. h5 h6 49. Nh3 Re3 50. Nf4 Bf3 51. Bd1 Bxd1 52. Kxd1 Rxb3 53. Re2 Rb4 54. Re6 Rxc4 55. Rg6+ Kh7 56. Ne6 Rxa4 57. g5 hxg5 58. Nxg5+ Kh8 59. h6 Ra1+ 60. Kc2 Rh1 61. Nf7+ Kh7 62. Rg7# 1-0


[Site "https://www.chess.com"]

[Event "Titled Tuesday Blitz February 28 Early 2023"]
[White "Schut, Han"]
[Black "Sanchez, Robert"]
[WhiteFideId "1005561"]
[BlackFideId "2034360"]
[WhiteElo "2024"]
[BlackElo "2452"]
[Result "1-0"]
[Round "02"]
[TimeControl "180+2"]
[Date "2023.02.28"]
[WhiteClock "0:00:07"]
[BlackClock "0:00:07"]

1. e4 Nc6 2. Nf3 d6 3. d4 Nf6 4. Nc3 d5 5. exd5 Nxd5 6. Nxd5 Qxd5 7. c4 Qd6 8. Be2 Bg4 9. O-O O-O-O 10. d5 Bxf3 11. Bxf3 Ne5 12. Be2 e6 13. dxe6 Qxe6 14. Qc2 Bc5 15. Bf4 Ng6 16. Bg3 h5 17. Bd3 h4 18. Bf5 hxg3 19. hxg3 Rh6 20. Bxe6+ fxe6 21. Qe4 Rdh8 22. Qxe6+ Kb8 23. Qh3 Rxh3 24. gxh3 Ne5 25. Kg2 g5 26. b3 Rf8 27. Rad1 c6 28. f4 gxf4 29. Rxf4 Re8 30. Re1 Bb6 31. Rfe4 Bc7 32. g4 a5 33. a3 Kc8 34. h4 Kd7 35. g5 c5 36. h5 Bd6 37. g6 Re6 38. g7 Re8 39. h6 Rg8 40. Kh3 Nf3 41. Rh4 Nxh4 42. Kxh4 Bf4 43. Kh5 Bxh6 44. Kxh6 b5 45. Kh7 Rxg7+ 46. Kxg7 a4 47. bxa4 bxc4 48. Rc1 1-0


[Site "https://www.chess.com"]

[Event "Titled Tuesday Blitz February 28 Early 2023"]
[White "Abdilkhair, Abilmansur"]
[Black "Cueto, Jonny"]
[WhiteFideId "13716417"]
[BlackFideId "3300145"]
[WhiteElo "2216"]
[BlackElo "2212"]
[Result "1-0"]
[Round "02"]
[TimeControl "180+2"]
[Date "2023.02.28"]
[WhiteClock "0:00:09"]
[BlackClock "0:00:03"]

1. d4 e6 2. c4 Nf6 3. Nc3 b6 4. e4 Bb7 5. f3 Ng8 6. Be3 c5 7. Nge2 cxd4 8. Nxd4 Bc5 9. Qd2 Ne7 10. Ndb5 Bxe3 11. Qxe3 d6 12. O-O-O Nc8 13. e5 d5 14. cxd5 exd5 15. Nxd5 Bxd5 16. Rxd5 Qe7 17. Qa3 Nc6 18. Qxe7+ Kxe7 19. Bc4 a6 20. Nc3 b5 21. Bb3 Nb6 22. Rd6 Nxe5 23. Rxb6 Nd3+ 24. Kc2 Nf2 25. Re1+ Kd7 26. Rb7+ Kc6 27. Bd5+ Kd6 28. Re2 Rac8 29. Rxf2 Rhd8 30. Kb3 a5 31. Rd2 Kc5 32. Rxb5+ Kd6 33. Bb7+ Kc7 34. Bxc8 Rxc8 35. Rc5+ Kb7 36. Rxc8 Kxc8 37. Kc4 Kc7 38. Kc5 a4 39. Nb5+ Kb7 40. Rd7+ Ka6 41. Ra7# 1-0


[Site "https://www.chess.com"]

[Event "Titled Tuesday Blitz February 28 Early 2023"]
[White "Clawitter, Craig"]
[Black "Cabezas Solano, David Alejandro"]
[WhiteFideId "2023105"]
[BlackFideId "6507522"]
[WhiteElo "2225"]
[BlackElo "2030"]
[Result "0-1"]
[Round "02"]
[TimeControl "180+2"]
[Date "2023.02.28"]
[WhiteClock "0:00:01"]
[BlackClock "0:00:05"]

1. e4 c5 2. Nf3 d6 3. d4 cxd4 4. Nxd4 Nf6 5. Nc3 a6 6. Be3 e5 7. Nb3 Be7 8. f3 h5 9. Be2 Be6 10. Nd5 Nxd5 11. exd5 Bf5 12. c4 Bh4+ 13. g3 Bf6 14. Qd2 Nd7 15. O-O O-O 16. Na5 Qc7 17. b4 e4 18. Rac1 Rfe8 19. fxe4 Bxe4 20. Bxh5 Ne5 21. Bd4 Bg6 22. Bxg6 fxg6 23. c5 Qf7 24. Bb2 Rad8 25. c6 bxc6 26. Nxc6 Rd7 27. Bxe5 dxe5 28. Rfd1 e4 29. Qe2 Rxd5 30. Qxa6 e3 31. Qe2 Rf5 32. Rd8 Rf2 33. Rxe8+ Qxe8 34. Qc4+ Kh7 0-1


[Site "https://www.chess.com"]

[Event "Titled Tuesday Blitz February 28 Early 2023"]
[White "EdmundPlayer"]
[Black "Buchenau, Frank"]
[BlackFideId "4604350"]
[WhiteElo "2221"]
[BlackElo "2157"]
[Result "0-1"]
[Round "02"]
[TimeControl "180+2"]
[Date "2023.02.28"]
[WhiteClock "0:00:01"]
[BlackClock "0:00:18"]

1. e4 e6 2. d4 d5 3. Nc3 Nf6 4. Bg5 dxe4 5. Nxe4 Be7 6. Bxf6 gxf6 7. Nf3 f5 8. Ng3 c5 9. Bb5+ Bd7 10. Bxd7+ Qxd7 11. d5 exd5 12. Qd3 Nc6 13. Qxf5 Qxf5 14. Nxf5 Bf6 15. Nd6+ Ke7 16. Nxb7 Bxb2 17. Rd1 Bc3+ 18. Kf1 c4 19. g3 Rab8 20. Nc5 Rb2 21. Rxd5 Rd8 22. Rxd8 Kxd8 23. Ke2 Rxc2+ 24. Ke3 Bb4 25. Rd1+ Ke7 26. Ne4 Ba5 27. a4 Bb6+ 28. Kf4 Nb4 29. Ne5 f6 30. Ng4 Nd3+ 31. Kf5 Ra2 0-1


[Site "https://www.chess.com"]

[Event "Titled Tuesday Blitz February 28 Early 2023"]
[White "Slade, Theodore"]
[Black "Ciuffoletti, Paolo"]
[WhiteFideId "426547"]
[BlackFideId "807630"]
[WhiteElo "1964"]
[BlackElo "2143"]
[Result "0-1"]
[Round "02"]
[TimeControl "180+2"]
[Date "2023.02.28"]
[WhiteClock "0:01:16"]
[BlackClock "0:00:07"]

1. d4 d5 2. c4 c6 3. Nc3 Nf6 4. e3 a6 5. Nf3 b5 6. b3 Bg4 7. cxd5 cxd5 8. a4 b4 9. Ne2 Bxf3 10. gxf3 e6 11. Ng3 Bd6 12. Bd3 O-O 13. O-O Nbd7 14. f4 a5 15. Kh1 g6 16. Bb2 Kg7 17. Rc1 Qe7 18. Rc6 Rfc8 19. Qc2 Qd8 20. Rc1 Nb6 21. Kg2 Rxc6 22. Qxc6 Rc8 23. Qb5 Rxc1 24. Bxc1 Qc7 25. Qxa5 Qxc1 26. Qxb6 Bf8 27. a5 Ng4 28. Be2 h5 29. a6 Nxe3+ 30. fxe3 Qxe3 31. Bf3 h4 32. Nf1 h3+ 33. Kg3 Qg1+ 34. Kxh3 Qxf1+ 35. Bg2 Qd3+ 36. Kg4 f5+ 37. Kh4 Be7# 0-1


[Site "https://www.chess.com"]